EL
MOBILE BAYBEARS @ SAN ANTONIO MISSIONS
09/05/2047
 
TOP OF THE 1ST
Mobile BayBears batting - Pitching for San Antonio Missions : LHP David French
Pitching: LHP David French
Batting: RHB Edgar Garcia 0-0: Swinging Strike
0-1: Ball
1-1: Ball
2-1: Foul Ball, location: 2F
2-2: Ground out U3 (Groundball, 13, EV 86.2 MPH)
Batting: LHB Jeff Densmore 0-0: Called Strike
0-1: DOUBLE (Groundball, 3L, EV 101.9 MPH)
Batting: RHB Dustin Clark 0-0: Called Strike
0-1: Foul Ball, location: 2F
0-2: Foul Ball, location: 2F
0-2: Ball
1-2: Ball
2-2: Fly out, F8 (Flyball, 8LD, EV 101.9 MPH)
Runner from 2nd tags up, SAFE at 3rd with throw by CF
Batting: RHB Chris Bittner 0-0: 2-RUN HOME RUN (Flyball, 8LXD, EV 109.4 MPH), Distance : 433 ft
Batting: LHB Kevin Ferguson 0-0: Foul Ball, location: 2F
0-1: Foul Ball, location: 2F
0-2: Ball
1-2: Strikes out swinging
Top of the 1st over - 2 runs, 2 hits, 0 errors, 0 left on base; Mobile 2 - San Antonio 0
BOTTOM OF THE 1ST
San Antonio Missions batting - Pitching for Mobile BayBears : RHP John Capparelli
Pitching: RHP John Capparelli
Batting: LHB J.D. Brenner 0-0: Ball
1-0: Ball
2-0: Called Strike
2-1: Ground out 6-3 (Groundball, 56, EV 89.4 MPH)
Batting: RHB Juan Espinoza 0-0: SINGLE (Groundball, 6S, EV 69.4 MPH) (infield hit)
Batting: LHB Hugo MacBeth 0-0: Foul Ball, location: 2F
0-1: Ball
1-1: Ball
Juan Espinoza is caught stealing 2nd base 2-6
2-1: Called Strike
2-2: Foul Ball, location: 2F
2-2: Foul Ball, location: 2F
2-2: Fly out, F7 (Line Drive, 78M, EV 103.1 MPH)
Bottom of the 1st over - 0 runs, 1 hit, 0 errors, 0 left on base; Mobile 2 - San Antonio 0
TOP OF THE 2ND
Mobile BayBears batting - Pitching for San Antonio Missions : LHP David French
Batting: LHB Bob Myers 0-0: Ball
1-0: Foul Ball, location: 2F
1-1: Called Strike
1-2: Ground out U3 (Groundball, 3L, EV 104.4 MPH)
Batting: RHB Curt Barrett 0-0: Called Strike
0-1: Foul Ball, location: 2F
0-2: Foul Ball, location: 2F
0-2: Ball
1-2: Ball
2-2: Strikes out looking
Batting: LHB Soo-yeon Kym 0-0: SINGLE (Line Drive, 89M, EV 95.6 MPH)
Batting: RHB Jeremy Adams 0-0: Called Strike
0-1: Ball
1-1: Swinging Strike
1-2: Strikes out swinging
Top of the 2nd over - 0 runs, 1 hit, 0 errors, 1 left on base; Mobile 2 - San Antonio 0
BOTTOM OF THE 2ND
San Antonio Missions batting - Pitching for Mobile BayBears : RHP John Capparelli
Batting: SHB Hatsuo Miura 0-0: Ground out 6-3 (Groundball, 4, EV 75.6 MPH)
Batting: RHB Joe Weissman 0-0: Ball
1-0: Ball
2-0: Ground out 5-3 (Groundball, 5D, EV 103.8 MPH)
Batting: SHB Blake Abbott 0-0: Ball
1-0: Ball
2-0: Foul Ball, location: 2F
2-1: Swinging Strike
2-2: Ball
3-2: Ground out 4-3 (Groundball, 4, EV 105.0 MPH)
Bottom of the 2nd over - 0 runs, 0 hits, 0 errors, 0 left on base; Mobile 2 - San Antonio 0
TOP OF THE 3RD
Mobile BayBears batting - Pitching for San Antonio Missions : LHP David French
Batting: RHB Edgar Garcia 0-0: Called Strike
0-1: Foul Ball, location: 2F
0-2: Strikes out swinging, 2-3 out at first.
Batting: LHB Jeff Densmore 0-0: Called Strike
0-1: Swinging Strike
0-2: Foul Ball, location: 2F
0-2: Ball
1-2: Fly out, F5 (Popup, 5SF, EV 86.2 MPH)
Batting: RHB Dustin Clark 0-0: Ball
1-0: Ball
2-0: Foul Ball, location: 2F
2-1: Swinging Strike
2-2: Ball
3-2: Base on Balls
Batting: RHB Chris Bittner 0-0: Ball
1-0: Ball
2-0: 2-RUN HOME RUN (Flyball, 89XD, EV 101.2 MPH), Distance : 403 ft
Batting: LHB Kevin Ferguson 0-0: Ball
1-0: Ball
2-0: Ball
3-0: Base on Balls
Batting: LHB Bob Myers 0-0: Ball
1-0: Called Strike
1-1: Ball
2-1: Called Strike
Kevin Ferguson is caught stealing 2nd base 2-6
Top of the 3rd over - 2 runs, 1 hit, 0 errors, 0 left on base; Mobile 4 - San Antonio 0
BOTTOM OF THE 3RD
San Antonio Missions batting - Pitching for Mobile BayBears : RHP John Capparelli
Batting: LHB Josh Slusarczyk 0-0: Called Strike
0-1: Ball
1-1: SINGLE (Line Drive, 3D, EV 103.1 MPH)
Batting: RHB Danny Gallegos 0-0: SINGLE (Groundball, 34D, EV 103.8 MPH)
Josh Slusarczyk to second
Runner from 2nd tries for 3rd, SAFE, throw by RF made to third
Batting: LHB Yeong-hun Joe 0-0: Fly out, F8 (Flyball, 8RM, EV 91.2 MPH)
Runner from 3rd tags up, SCORES, throw by CF
Batting: LHB J.D. Brenner 0-0: Called Strike
0-1: Foul Ball, location: 2F
0-2: Ball
1-2: Ball
2-2: SINGLE (Groundball, 5D, EV 102.5 MPH)
Danny Gallegos to second
Batting: RHB Juan Espinoza 0-0: Called Strike
0-1: Called Strike
0-2: Ball
1-2: Strikes out looking
Batting: LHB Hugo MacBeth 0-0: Called Strike
0-1: Ball
1-1: Swinging Strike
1-2: Ball
2-2: Foul Ball, location: 2F
2-2: Ball
3-2: Fly out, F9 (Flyball, 89M, EV 78.1 MPH)
Bottom of the 3rd over - 1 run, 3 hits, 0 errors, 2 left on base; Mobile 4 - San Antonio 1
TOP OF THE 4TH
Mobile BayBears batting - Pitching for San Antonio Missions : LHP David French
Batting: LHB Bob Myers 0-0: Ball
1-0: Ball
2-0: Called Strike
2-1: Ball
3-1: Swinging Strike
3-2: Foul Ball, location: 2F
3-2: Foul Ball, location: 2F
3-2: Base on Balls
Batting: RHB Curt Barrett 0-0: Swinging Strike
0-1: Fly out, F9 (Flyball, 89S, EV 85.0 MPH)
Batting: LHB Soo-yeon Kym 0-0: Called Strike
0-1: Foul Ball, location: 2F
0-2: Fielders Choice at 2nd, 5-4 (Groundball, 5, EV 108.1 MPH)
Batting: RHB Jeremy Adams 0-0: Ball
1-0: Foul Ball, location: 2F
1-1: Called Strike
1-2: Strikes out looking
Top of the 4th over - 0 runs, 0 hits, 0 errors, 1 left on base; Mobile 4 - San Antonio 1
BOTTOM OF THE 4TH
San Antonio Missions batting - Pitching for Mobile BayBears : RHP John Capparelli
Batting: SHB Hatsuo Miura 0-0: Foul Ball, location: 2F
0-1: Foul Ball, location: 2F
0-2: Ball
1-2: Ball
2-2: Ball
3-2: Base on Balls
Batting: RHB Joe Weissman 0-0: DOUBLE (Groundball, 5L, EV 101.2 MPH)
Hatsuo Miura to third
Runner from 3rd tries for Home, SAFE, no throw by LF
Batting: SHB Blake Abbott 0-0: Ball
1-0: Ball
2-0: Called Strike
2-1: Foul Ball, location: 2F
2-2: Foul Ball, location: 2F
2-2: Ball
3-2: Base on Balls
Batting: LHB Josh Slusarczyk 0-0: Called Strike
0-1: Grounds into double play, 4-6-3 (Groundball, 4D, EV 101.2 MPH)
Joe Weissman to third
Batting: RHB Danny Gallegos 0-0: Called Strike
0-1: Swinging Strike
0-2: Ball
1-2: Ground out 4-3 (Groundball, 4, EV 83.1 MPH)
Bottom of the 4th over - 1 run, 1 hit, 0 errors, 1 left on base; Mobile 4 - San Antonio 2
TOP OF THE 5TH
Mobile BayBears batting - Pitching for San Antonio Missions : LHP David French
Batting: RHB Edgar Garcia 0-0: Foul Ball, location: 2F
0-1: Foul Ball, location: 2F
0-2: Fly out, F8 (Flyball, 8LM, EV 86.9 MPH)
Batting: LHB Jeff Densmore 0-0: Called Strike
0-1: Ball
1-1: Foul Ball, location: 2F
1-2: Ball
2-2: DOUBLE (Flyball, 8LXD, EV 97.5 MPH)
Pitching: RHP Chad Norris
Batting: RHB Dustin Clark 0-0: Foul Ball, location: 2F
0-1: Ball
1-1: Ball
2-1: Swinging Strike
2-2: SINGLE (Groundball, 4MD, EV 94.4 MPH)
Jeff Densmore to third
Batting: RHB Chris Bittner 0-0: Ball
1-0: Swinging Strike
1-1: Foul Ball, location: 2F
1-2: DOUBLE (Line Drive, 7LM, EV 106.2 MPH)
Jeff Densmore scores
Dustin Clark to third
Runner from 3rd tries for Home, SAFE, no throw by LF
Batting: LHB Kevin Ferguson 0-0: SINGLE (Groundball, 13, EV 89.4 MPH) (infield hit)
Chris Bittner to third
Pinch Runner at 1st Paul Schreiber:
Batting: LHB Bob Myers 0-0: Ball
1-0: Ball
2-0: Called Strike
2-1: Ball
3-1: Grounds into double play, 4-6-3 (Groundball, 4, EV 85.0 MPH)
Top of the 5th over - 2 runs, 4 hits, 0 errors, 1 left on base; Mobile 6 - San Antonio 2
BOTTOM OF THE 5TH
San Antonio Missions batting - Pitching for Mobile BayBears : RHP John Capparelli
Now in LF: Enrique Andrade
Batting: LHB Yeong-hun Joe 0-0: Fly out, F8 (Flyball, 8LD, EV 83.1 MPH)
Batting: LHB J.D. Brenner 0-0: Ball
1-0: Called Strike
1-1: Ball
2-1: Foul Ball, location: 2F
2-2: Fly out, F8 (Flyball, 8LD, EV 92.5 MPH)
Batting: RHB Juan Espinoza 0-0: Ball
1-0: Called Strike
1-1: Foul Ball, location: 2F
1-2: Ball
2-2: Strikes out swinging
Bottom of the 5th over - 0 runs, 0 hits, 0 errors, 0 left on base; Mobile 6 - San Antonio 2
TOP OF THE 6TH
Mobile BayBears batting - Pitching for San Antonio Missions : RHP Chad Norris
Batting: RHB Curt Barrett 0-0: Called Strike
0-1: Foul Ball, location: 2F
0-2: Strikes out looking
Batting: LHB Soo-yeon Kym 0-0: Foul Ball, location: 2F
0-1: Ball
1-1: Ball
2-1: Foul Ball, location: 2F
2-2: Ball
3-2: Foul Ball, location: 2F
3-2: Base on Balls
Batting: RHB Jeremy Adams 0-0: Foul Ball, location: 2F
0-1: Ball
1-1: Grounds into double play, 5-4-3 (Groundball, 5, EV 84.4 MPH)
Top of the 6th over - 0 runs, 0 hits, 0 errors, 0 left on base; Mobile 6 - San Antonio 2
BOTTOM OF THE 6TH
San Antonio Missions batting - Pitching for Mobile BayBears : RHP John Capparelli
Batting: LHB Hugo MacBeth 0-0: Foul Ball, location: 2F
0-1: Ball
1-1: Called Strike
1-2: Ball
2-2: Ball
3-2: Foul Ball, location: 2F
3-2: Base on Balls
Batting: SHB Hatsuo Miura 0-0: Fielders Choice at 2nd, U6 (Groundball, 4M, EV 84.4 MPH)
Batting: RHB Joe Weissman 0-0: Ball
1-0: Called Strike
1-1: Foul Ball, location: 2F
1-2: Ball
2-2: Foul Ball, location: 2F
2-2: Strikes out swinging
Batting: SHB Blake Abbott 0-0: DOUBLE (Groundball, 5L, EV 99.4 MPH)
Hatsuo Miura to third
Batting: LHB Josh Slusarczyk 0-0: Ground out 4-3 (Groundball, 34, EV 101.9 MPH)
Bottom of the 6th over - 0 runs, 1 hit, 0 errors, 2 left on base; Mobile 6 - San Antonio 2
TOP OF THE 7TH
Mobile BayBears batting - Pitching for San Antonio Missions : RHP Chad Norris
Pitching: RHP Tony Delgado
Batting: RHB Edgar Garcia 0-0: Ball
1-0: Ball
2-0: DOUBLE (Line Drive, 7LM, EV 105.6 MPH)
Batting: LHB Jeff Densmore 0-0: Called Strike
0-1: Called Strike
0-2: Strikes out swinging
Batting: RHB Dustin Clark 0-0: Ball
1-0: Foul Ball, location: 2F
1-1: Ball
2-1: Foul Ball, location: 2F
2-2: Ball
3-2: SINGLE (Groundball, 3D, EV 101.9 MPH)
Edgar Garcia to third
Runner from 3rd tries for Home, throw by RF and OUT! 9-2
Batting: RHB Chris Bittner 0-0: Called Strike
0-1: Swinging Strike
0-2: Foul Ball, location: 2F
0-2: Strikes out swinging
Top of the 7th over - 0 runs, 2 hits, 0 errors, 1 left on base; Mobile 6 - San Antonio 2
BOTTOM OF THE 7TH
San Antonio Missions batting - Pitching for Mobile BayBears : RHP John Capparelli
Batting: RHB Danny Gallegos 0-0: Called Strike
0-1: Called Strike
0-2: Ball
1-2: DOUBLE (Line Drive, 89M, EV 99.4 MPH)
Pitching: RHP Nobuo Okazaki
Batting: LHB Yeong-hun Joe 0-0: Ball
1-0: Ball
2-0: Called Strike
2-1: Fly out, F4 (Line Drive, 4, EV 66.2 MPH)
Pitching: LHP Travis Stichter
Batting: LHB J.D. Brenner 0-0: Ball
1-0: Ground out 6-3 (Groundball, 6MS, EV 68.8 MPH)
Danny Gallegos to third
Pitching: RHP Ming-feng Pi
Batting: RHB Juan Espinoza 0-0: Called Strike
0-1: Ball
1-1: Ball
2-1: Foul Ball, location: 2F
2-2: Ground out U3 (Groundball, 34, EV 86.9 MPH)
Bottom of the 7th over - 0 runs, 1 hit, 0 errors, 1 left on base; Mobile 6 - San Antonio 2
TOP OF THE 8TH
Mobile BayBears batting - Pitching for San Antonio Missions : RHP Tony Delgado
Batting: LHB Enrique Andrade 0-0: Called Strike
0-1: Swinging Strike
0-2: Ball
1-2: Ball
2-2: Strikes out swinging
Batting: LHB Bob Myers 0-0: Called Strike
0-1: Ball
1-1: SOLO HOME RUN (Flyball, 89XD, EV 98.1 MPH), Distance : 394 ft
Batting: RHB Curt Barrett 0-0: Called Strike
0-1: Ball
1-1: Ball
2-1: Ball
3-1: Called Strike
3-2: Foul Ball, location: 2F
3-2: Fly out, F7 (Flyball, 7D, EV 86.2 MPH)
Batting: LHB Soo-yeon Kym 0-0: Called Strike
0-1: Called Strike
0-2: Foul Ball, location: 2F
0-2: Foul Ball, location: 2F
0-2: Ball
1-2: Strikes out swinging
Top of the 8th over - 1 run, 1 hit, 0 errors, 0 left on base; Mobile 7 - San Antonio 2
BOTTOM OF THE 8TH
San Antonio Missions batting - Pitching for Mobile BayBears : RHP Ming-feng Pi
Batting: LHB Hugo MacBeth 0-0: Swinging Strike
0-1: Ball
1-1: Ball
2-1: Ball
3-1: Foul Ball, location: 2F
3-2: Ground out 5-3 (Groundball, 5, EV 101.9 MPH)
Batting: SHB Hatsuo Miura 0-0: Ball
1-0: Called Strike
1-1: Swinging Strike
1-2: Foul Ball, location: 2F
1-2: Strikes out looking
Batting: RHB Joe Weissman 0-0: Called Strike
0-1: Ball
1-1: SINGLE (Groundball, 4MD, EV 97.5 MPH)
Batting: SHB Blake Abbott 0-0: Swinging Strike
0-1: Ball
1-1: Fly out, F8 (Line Drive, 8LD, EV 85.0 MPH)
Bottom of the 8th over - 0 runs, 1 hit, 0 errors, 1 left on base; Mobile 7 - San Antonio 2
TOP OF THE 9TH
Mobile BayBears batting - Pitching for San Antonio Missions : RHP Tony Delgado
Batting: RHB Jeremy Adams 0-0: Ball
1-0: Called Strike
1-1: Called Strike
1-2: Ball
2-2: Ball
3-2: Ground out 6-3 (Groundball, 6, EV 91.9 MPH)
Batting: RHB Edgar Garcia 0-0: Ball
1-0: Swinging Strike
1-1: Foul Ball, location: 2F
1-2: Ball
2-2: Strikes out looking
Batting: LHB Jeff Densmore 0-0: Ground out U3 (Groundball, 3, EV 106.2 MPH)
Top of the 9th over - 0 runs, 0 hits, 0 errors, 0 left on base; Mobile 7 - San Antonio 2
BOTTOM OF THE 9TH
San Antonio Missions batting - Pitching for Mobile BayBears : RHP Ming-feng Pi
Batting: LHB Josh Slusarczyk 0-0: Called Strike
0-1: Foul Ball, location: 2F
0-2: Ball
1-2: Ball
2-2: Strikes out swinging
Batting: RHB Danny Gallegos 0-0: Called Strike
0-1: Swinging Strike
0-2: Ball
1-2: Ground out 6-3 (Groundball, 6, EV 105.6 MPH)
Batting: LHB Yeong-hun Joe 0-0: Swinging Strike
0-1: Ball
1-1: Foul Ball, location: 2F
1-2: Ball
2-2: Foul Ball, location: 2F
2-2: Strikes out swinging
Bottom of the 9th over - 0 runs, 0 hits, 0 errors, 0 left on base; Mobile 7 - San Antonio 2
Thursday, December 15th , 2022 - OOTP Baseball 23.9 Build 102